 Dungeon Crawl Stone Soup version 0.18.1-5-g4a78601 (webtiles) character file.

239 Leszczynek the Sneak (level 5, 0/28 HPs)
             Began as a Deep Elf Arcane Marksman on May 14, 2016.
             Killed from afar by an orc wizard (6 damage)
             ... with a puff of flame
             ... on level 4 of the Dungeon.
             The game lasted 00:13:31 (3529 turns).

Leszczynek the Sneak (Deep Elf Arcane Marksman)     Turns: 3529, Time: 00:13:32

Health: 0/28       AC:  3    Str:  8    XL:     5   Next: 79%
Magic:  7/9        EV:  9    Int: 19    God:
Gold:   155        SH:  0    Dex: 14    Spells: 2 memorised, 4 levels left

rFire  x . .     SeeInvis .     a - +1 shortbow
rCold  + . .     Gourm    .     l - +0 robe
rNeg   . . .     Faith    .     (shield currently unavailable)
rPois  .         Spirit   .     (no helmet)
rElec  .         Dismiss  .     (no cloak)
rCorr  .         Reflect  .     e - +0 pair of gloves
SustAt .         Harm     .     (no boots)
MR     .....                    (no amulet)
Stlth  +++.......               p - ring of ice
                                k - ring of flight

@: not resistant to hostile enchantments, fairly stealthy
A: no striking features
a: Evoke Flight


You were on level 4 of the Dungeon.
You were not hungry.

You visited 1 branch of the dungeon, and saw 4 of its levels.

You collected 155 gold pieces.

Inventory:

Hand Weapons
 a - a +1 shortbow (weapon)
 b - a +1 hand axe of flaming
Missiles
 d - 64 arrows (quivered)
Armour
 e - a +0 pair of gloves (worn)
 l - a +0 robe (worn)
Jewellery
 k - a ring of flight (left hand)
 p - a ring of ice (right hand)
Scrolls
 i - a scroll of enchant weapon
 n - 5 scrolls of remove curse
 r - a scroll of blinking {unknown}
 t - a scroll of magic mapping {unknown}
 x - a scroll of amnesia {unknown}
Potions
 g - a potion of haste {unknown}
 h - a potion of brilliance
 j - a potion of ambrosia
 m - a potion of resistance
 s - a potion of invisibility {unknown}
 u - 2 potions of heal wounds
 v - a potion of curing {unknown}
 z - 2 potions of might {unknown}
Books
 c - a book of Debilitation

   Spells                             Type                      Level
   a - Corona                         Hexes                        1
   b - Slow                           Hexes                        2
   c - Gell's Gravitas                Hexes/Translocation          3
   d - Inner Flame                    Hexes/Fire                   3
   e - Cause Fear                     Hexes                        4
   f - Leda's Liquefaction            Hexes/Earth                  4
Comestibles
 f - 2 bread rations
 q - 2 meat rations
 A - 3 fruits


   Skills:
 - Level 0.7 Fighting
 - Level 2.1 Bows
 + Level 4.4 Dodging
 - Level 5.3 Stealth
 - Level 1.5 Spellcasting
 + Level 5.1 Hexes


You had 4 spell levels left.
You knew the following spells:

 Your Spells              Type           Power        Failure   Level  Hunger
a - Corona                Hex            ###....      1%          1    ##.....
b - Slow                  Hex            ###.....     3%          2    ###....


Dungeon Overview and Level Annotations

Branches:
Dungeon (4/15)
 Temple: D:4-7

Altars:
Qazlal

Annotations:
D:2 !sigmund roaming, Natasha, Sigmund


Message History

The orc wizard casts a spell.
The orc wizard blinks!
Your magical contamination has completely faded away.
A puff of flame appears from out of thin air!
Deactivating autopickup; reactivate with Ctrl-A.
The puff of flame misses you.
The orc wizard mumbles some strange words.
The orc wizard blinks!
You see here a giant club.
The orc wizard mumbles some strange words.
The orc wizard blinks!
A puff of frost appears from out of thin air!
The puff of frost hits you! You resist.
A magic dart appears from out of thin air!
The magic dart hits you!
* * * LOW HITPOINT WARNING * * *
There is a stone staircase leading up here.
A puff of flame appears from out of thin air!
The puff of flame hits you! The fire burns you terribly!
You die...

#.#
############################.#
#.............)o§..o(((......#
##.###########################
#.# #...o.{)...#
#.###.########.# #.....# #.#
#####.# #.# #.# #@# ### ###


There were no monsters in sight!

Vanquished Creatures
  An ogre (D:4)
  Jessica (D:2)
  An iguana (D:4)
  Ijyb (D:1)
  A hound skeleton (D:3)
  An adder (D:3)
  A worm (D:3)
  An adder skeleton (D:2)
  2 dart slugs (D:2)
  2 giant geckos
  3 orcs
  4 bats
  2 giant cockroaches (D:2)
  7 goblins
  4 jackals (D:2)
  A quokka (D:2)
  A ball python skeleton (D:2)
  A giant cockroach zombie (D:2)
  3 giant newts (D:3)
  A jackal skeleton (D:2)
  8 kobolds
  3 rats
50 creatures vanquished.

Notes
Turn   | Place    | Note
--------------------------------------------------------------
     0 | D:1      | Leszczynek the Deep Elf Arcane Marksman began the quest for the Orb.
     0 | D:1      | Reached XP level 1. HP: 11/11 MP: 5/5
    99 | D:1      | Reached skill level 1 in Stealth
   291 | D:1      | Reached XP level 2. HP: 16/16 MP: 4/6
   295 | D:1      | Learned a level 2 spell: Slow
   628 | D:2      | Noticed Ijyb
   663 | D:1      | resist at 60% then 2x 10% miscasts
   663 | D:1      | gotta love spellcasters
   930 | D:2      | Noticed Natasha
  1108 | D:2      | Reached XP level 3. HP: 17/20 MP: 5/7
  1338 | D:2      | Noticed Jessica
  1344 | D:2      | Killed Jessica
  1434 | D:2      | Noticed Sigmund
  1522 | D:1      | Killed Ijyb
  1522 | D:1      | Reached skill level 5 in Stealth
  1522 | D:1      | Reached XP level 4. HP: 24/24 MP: 4/8
  2471 | D:3      | Found a stormy altar of Qazlal.
  3156 | D:4      | Noticed an ogre
  3216 | D:4      | Killed an ogre
  3216 | D:4      | Reached XP level 5. HP: 28/28 MP: 2/9
  3351 | D:4      | Reached skill level 5 in Hexes
  3529 | D:4      | Killed from afar by an orc wizard

Skill      XL: |  1  2  3  4  5 |
---------------+----------------+-----
Stealth        | 2 3 5 |  5.3
Dodging        | 4 |  4.4
Hexes          | 5 |  5.1
Fighting       | |  0.7
Bows           | |  2.1
Spellcasting   | |  1.5

Action                   |  1- 3 |  4- 6 || total
-------------------------+-------+-------++-------
Melee: Dagger            |    29 |    28 ||    57
       Hand axe          |       |    18 ||    18
 Fire: Shortbow          |    68 |    65 ||   133
 Cast: Corona            |    21 |    18 ||    39
       Slow              |    13 |    14 ||    27
  Use: Scroll            |       |     7 ||     7
 Stab: Sleeping          |       |     3 ||     3
  Eat: Chunk             |     2 |     6 ||     8
       Royal jelly       |     1 |     1 ||     2
Armor: Robe              |    16 |    19 ||    35
Dodge: Dodged            |    43 |    53 ||    96
